 Dungeon Crawl Stone Soup version 0.32-a0-673-g3729bd50f8 (webtiles) character file.

Game seed: 17614154055119309676

1493 ragingrage the Skirmisher (level 9, -1/47 HPs)
             Began as a Kobold Shapeshifter on Mar 10, 2024.
             Was an Initiate of Okawaru.
             Slain by an ufetubus (4 damage)
             ... on level 6 of the Dungeon on Mar 11, 2024.
             The game lasted 00:07:15 (5521 turns).

ragingrage the Skirmisher (Kobold Shapeshifter)     Turns: 5521, Time: 00:07:15

Health: -1/47      AC:  3    Str: 18    XL:     9   Next: 8%
Magic:  9/9        EV: 16    Int: 11    God:    Okawaru [......]
Gold:   295        SH:  0    Dex: 18    Spells: 8/8 levels left

rFire   + . .        p - +0 sling (flame)
rCold   . . .        (no shield)
rNeg    . . .        k - +1 robe {rF+}
rPois   .            (helmet currently unavailable)
rElec   .            (cloak currently unavailable)
rCorr   .            (gloves currently unavailable)
SInv    +            (boots currently unavailable)
Will    .....        (no amulet)
Stlth   +++          f - +6 ring of strength
HPRegen 0.27/turn    m - ring of see invisible
MPRegen 0.11/turn

%: no passive effects
@: about to teleport, beast-form
A: beast (slay +1), small, no large weapons, nightstalker 3
a: Begin Untransformation, Renounce Religion


You were on level 6 of the Dungeon.
You worshipped Okawaru.
Okawaru was noncommittal.
You were a hulking beast.
You visited 2 branches of the dungeon, and saw 8 of its levels.

You collected 295 gold pieces.

Inventory:

Hand Weapons
 g - a +0 dagger
 p - a +0 sling of flaming (weapon)
Missiles
 q - 12 poisoned darts
Armour
 e - a +0 robe
 k - a +1 robe of fire resistance (worn)
 B - a +0 helmet
Jewellery
 f - a +6 ring of strength (left hand)
 i - a +6 ring of strength
 l - a +6 ring of intelligence
 m - a ring of see invisible (right hand)
 n - a ring of flight
 u - a ring of protection from cold
Talismans
 c - a beast talisman (active)
 d - a flux talisman
Scrolls
 b - a scroll of vulnerability
 h - 5 scrolls of teleportation
 o - 2 scrolls of summoning
 r - 3 scrolls of revelation
 t - a scroll of silence
 x - a scroll of amnesia
 y - a scroll of enchant weapon {unknown}
Potions
 j - a potion of might {unknown}
 v - a potion of resistance
 w - a potion of degeneration {unknown}
 z - a potion of mutation {unknown}
 A - 2 potions of magic
 C - a potion of enlightenment {unknown}


   Skills:
 - Level 1.1 Fighting
 - Level 5.0 Short Blades
 + Level 11.8 Ranged Weapons
 - Level 4.0 Dodging
 - Level 2.0 Stealth
 - Level 3.4 Unarmed Combat
 - Level 3.0 Shapeshifting


You had 8 spell levels left.
You didn't know any spells.
Your spell library contained the following spells:

 Spells                   Type           Power      Damage    Failure   Level
 Freeze                   Ice            0%         1d3       34%         1
 Necrotise                Necr           0%         1d4       34%         1
 Scorch                   Fire           0%         2d5       47%         2
 Sublimation of Blood     Necr           0%         N/A       47%         2
 Frozen Ramparts          Ice            0%         1d1       71%         3
 Hailstorm                Conj/Ice       0%         3d5       71%         3
 Sigil of Binding         Hex            0%         N/A       71%         3
 Vampiric Draining        Necr           0%         2d6       71%         3
 Dimensional Bullseye     Hex/Tloc       0%         N/A       98%         4
 Flame Wave               Conj/Fire      0%         2d4       98%         4
 Petrify                  Alch/Erth      0%         N/A       98%         4
 Curse of Agony           Necr           0%         N/A       100%        5
 Irradiate                Conj/Alch      0%         3d11      100%        5
 Summon Small Mammal      Summ           Unusable   N/A       N/A         1
 Call Canine Familiar     Summ           Unusable   N/A       N/A         3
 Martyr's Knell           Necr/Summ      Unusable   N/A       N/A         4
 Summon Blazeheart Golem  Fire/Summ      Unusable   N/A       N/A         4
 Summon Cactus Giant      Summ           Unusable   N/A       N/A         6

Dungeon Overview and Level Annotations

Branches:
Dungeon (7/15)             Temple (1/1) D:5

Altars:
Cheibriados
Dithmenos
Fedhas
Gozag
Kikubaaqudgha
Nemelex Xobeh
Okawaru
Qazlal
Ru
Sif Muna
Uskayaw
Yredelemnul
Zin

Annotations:
D:4 exclusions: ball python and iguana
D:7 Maurice


Innate Abilities, Weirdness & Mutations

You are a hulking beast.
Your limbs bulge with bestial killing power. (Slay +1)
You are small and have problems with some larger weapons.
You are completely attuned to the shadows.


Message History

You are too injured to fight recklessly!
You are too injured to fight recklessly!
You are too injured to fight recklessly!
You are too injured to fight recklessly!
You are too injured to fight recklessly!
You are too injured to fight recklessly!
You are too injured to fight recklessly!
You are too injured to fight recklessly!
You are too injured to fight recklessly!
You are too injured to fight recklessly!
You are too injured to fight recklessly!
You are too injured to fight recklessly!
You are too injured to fight recklessly!
You are too injured to fight recklessly!
You are too injured to fight recklessly!
You are too injured to fight recklessly!
You are too injured to fight recklessly!
As you read the scroll of teleportation, it crumbles to dust.
You feel strangely unstable. The ufetubus hits you. The ufetubus misses you.
The gnoll barely misses you.
The gnoll bouda hits you with a +0 club.
The ufetubus closely misses you. The ufetubus hits you.
* * * LOW HITPOINT WARNING * * *
You shoot a sling bullet.
The sling bullet barely misses the gnoll bouda.
The gnoll hits you from afar with a +0 spear!
* * * LOW HITPOINT WARNING * * *
The ufetubus barely misses you.
The ufetubus hits you but does no damage.
The gnoll bouda closely misses you.
You shoot a sling bullet. The sling bullet hits the gnoll bouda.
The sling bullet burns the gnoll bouda.
The ufetubus barely misses you. The ufetubus hits you.
* * * LOW HITPOINT WARNING * * *
The gnoll misses you.
You shoot a sling bullet.
The sling bullet closely misses the gnoll bouda.
The ufetubus hits you but does no damage.
The ufetubus hits you.
You die...

######## ## .......#
#... .# .......# ?...
.### #......)# ....
.#.#.#...#.#>####.)..
...^.#.#.#...#.gh5g..
..##.......###.####.#
.......#...(.......
#.#....#....#.###.#
....g. #....(g.....
..# .......##)....# .
.#.#.........
..#.#.#...#.
....#.#.#


You could see a gnoll bouda, a gnoll (swift) and an ufetubus.

Vanquished Creatures
  2 ice beasts (D:5)
  An ogre (D:5)
  3 phantoms
  A bullfrog (D:5)
  2 scorpions
  A gnoll sergeant (D:7)
  A howler monkey (D:5)
  A bombardier beetle (D:5)
  A bullfrog zombie (D:6)
  3 hounds
  An orc priest (D:6)
  A jelly (D:6)
  A gnoll bouda (D:5)
  An iguana (D:5)
  4 orc wizards
  Natasha (twice) (D:2)
  A howler monkey zombie (D:6)
  7 adders
  12 gnolls
  3 ufetubi (D:6)
  A dart slug (D:1)
  A ribbon worm (D:3)
  11 orcs
  6 endoplasms
  4 giant cockroaches
  7 hobgoblins
  2 jackals (D:4)
  7 kobolds
  3 quokkas
  5 ball pythons
  5 bats
  6 frilled lizards
  5 goblins
  5 rats
117 creatures vanquished.

Notes
Turn   | Place    | Note
-------+----------+-------------------------------------------
     0 | D:1      | ragingrage the Kobold Shapeshifter began the quest for the
                  | Orb.
     0 | D:1      | Reached XP level 1. HP: 12/12 MP: 1/1
    60 | D:1      | Reached XP level 2. HP: 16/16 MP: 2/2
    98 | D:1      | Reached skill level 1 in Short Blades
   478 | D:1      | Reached XP level 3. HP: 20/20 MP: 3/3
   766 | D:2      | Found a faded altar of an unknown god.
  1204 | D:2      | Reached XP level 4. HP: 25/25 MP: 4/4
  1360 | D:2      | Reached skill level 1 in Stealth
  1448 | D:2      | Noticed Natasha
  1456 | D:2      | Killed Natasha
  1657 | D:2      | Noticed Natasha
  1663 | D:2      | Killed Natasha
  1664 | D:2      | Reached XP level 5. HP: 29/29 MP: 5/5
  1775 | D:3      | Reached skill level 5 in Short Blades
  1790 | D:3      | Reached skill level 1 in Ranged Weapons
  2037 | D:3      | Found a sparkling altar of Nemelex Xobeh.
  2489 | D:4      | Reached skill level 2 in Ranged Weapons
  2649 | D:4      | Reached skill level 3 in Ranged Weapons
  3002 | D:4      | Reached XP level 6. HP: 29/34 MP: 6/6
  3183 | D:5      | Entered Level 5 of the Dungeon
  3189 | D:5      | Reached skill level 4 in Ranged Weapons
  3239 | D:5      | Reached skill level 5 in Ranged Weapons
  3348 | D:4      | Reached skill level 6 in Ranged Weapons
  3348 | D:4      | Reached XP level 7. HP: 9/38 MP: 7/7
  3666 | D:5      | Reached skill level 7 in Ranged Weapons
  3819 | D:5      | Reached skill level 8 in Ranged Weapons
  3886 | D:5      | Found a staircase to the Ecumenical Temple.
  3892 | Temple   | Entered the Ecumenical Temple
  3937 | Temple   | Became a worshipper of Ru the Awakened
  4208 | D:5      | Reached XP level 8. HP: 36/43 MP: 8/8
  4253 | D:5      | Reached skill level 9 in Ranged Weapons
  4498 | D:5      | Reached skill level 10 in Ranged Weapons
  4683 | D:5      | Found an iron altar of Okawaru.
  4954 | D:5      | Fell from the grace of Ru
  4954 | D:5      | Became a worshipper of Warmaster Okawaru
  5008 | D:6      | Reached skill level 11 in Ranged Weapons
  5079 | D:7      | Noticed Maurice
  5230 | D:7      | HP: 2/43 [gnoll sergeant/+0 spear (12)]
  5372 | D:6      | Reached XP level 9. HP: 21/47 MP: 9/9
  5520 | D:6      | HP: 2/47 [ufetubus (4)]
  5521 | D:6      | Slain by an ufetubus

Illustrated notes

Levels and vault maps discovered:
D:1:      dpeg_arrival_round_c, layout_basic, chequers_serial_rivers_room_a
D:2:      layout_basic, basic_ecumenical_altar, uniq_natasha
D:3:      layout_basic, nemelex_altar_shiori, serial_forest,
          infiniplex_forest_clump_tiny, infiniplex_forest_end_3,
          infiniplex_forest_clump_tiny, infiniplex_forest_lined_3,
          infiniplex_forest_lined_3, infiniplex_forest_lined_3,
          infiniplex_forest_straight_2, infiniplex_forest_zigzag_1, minivault_27
D:4:      layout_basic, serial_park_tiny_1
D:5:      layout_rooms, hellmonk_okawaru_the_only_friend_you_need,
          minmay_temple_entry_glass, hangedman_minor_gate_pass
D:6:      nicolae_cairo_tiling_large_dashed, layout_rooms, serial_undead,
          serial_undead_b, serial_undead_b, serial_undead_f, serial_undead_b,
          serial_undead_a, serial_undead_e, serial_undead_f
D:7:      hangedman_cross_stitches, layout_basic, amcnicky_altar_gilded,
          uniq_maggie, uniq_maurice
Temple:   minmay_temple_curvy_loop

Skill      XL: |  1  2  3  4  5  6  7  8  9 |
---------------+----------------------------+-----
Short Blades   | 2 3 4 5 |  5.0
Stealth        | 2 |  2.0
Ranged Weapons | 3 6 8 11 | 11.8
Dodging        | 3 4 |  4.0
Fighting       | |  1.1
Unarmed Combat | |  3.4
Shapeshifting  | |  3.0

Action                     |  1- 3 |  4- 6 |  7- 9 || total
---------------------------+-------+-------+-------++-------
  Melee: Unarmed           |    74 |   111 |       ||   185
         Punch             |     1 |     2 |       ||     3
         Sling             |       |       |     3 ||     3
   Fire: Sling             |       |    11 |   232 ||   243
  Throw: Dart              |       |     8 |       ||     8
    Use: Potion            |       |     5 |     3 ||     8
         Scroll            |       |       |    10 ||    10
   Stab: Sleeping          |     7 |    15 |       ||    22
 Armour: Animal skin       |    23 |    44 |       ||    67
         Skin              |       |     7 |       ||     7
         Robe              |       |       |    99 ||    99
  Dodge: Dodged            |    45 |    79 |   116 ||   240

Table legend: (Time is in decaauts)
 A = Elapsed time spent in this place.
 B = Non-inter-level travel time spent in this place.
 C = Inter-level travel time spent in this place.
 D = Time resting spent in this place.
 E = Time spent auto-exploring this place.
 F = Levels seen in this place.
 G = Mean time per level.
                   A        B        C        D        E       F      G
               +--------+--------+--------+--------+--------+-----+--------+
         Total |   5473 |   5040 |    433 |    919 |   3199 |   8 |  684.1 |
       Dungeon |   5383 |   5039 |    344 |    919 |   3199 |   7 |  769.0 |
        Temple |     90 |      1 |     89 |      0 |      0 |   1 |   90.0 |
               +--------+--------+--------+--------+--------+-----+--------+

Top non-repeatable levels by time:
     D:5: 1306 daAuts
     D:2: 1028 daAuts
     D:4: 904 daAuts
     D:3: 847 daAuts
     D:1: 719 daAuts
     D:6: 301 daAuts
     D:7: 276 daAuts
  Temple: 90 daAuts
